 Dungeon Crawl Stone Soup version 0.20.1-1-g8b1a95d (webtiles) character file.

934 Gremour the Sneak (level 7, -6/62 HPs)
             Began as a Grey Draconian Ice Elementalist on Sept 13, 2017.
             Was an Initiate of Dithmenos.
             Mangled by an orc warrior
             ... wielding a +0 mace
              (7 damage)
             ... on level 5 of the Dungeon.
             The game lasted 00:49:52 (5849 turns).

Gremour the Sneak (Grey Draconian Ice Elementalist) Turns: 5849, Time: 00:49:53

Health: -6/62      AC: 20    Str: 11    XL:     7   Next: 86%
Magic:  3/10       EV: 14    Int: 20    God:    Dithmenos [......]
Gold:   214        SH:  0    Dex: 13    Spells: 4/10 levels left

rFire    . . .     SeeInvis .   a - +0 long sword
rCold    . . .     Gourm    +   (no shield)
rNeg     . . .     Faith    .   (armour unavailable)
rPois    .         Spirit   .   (helmet restricted)
rElec    .         Reflect  .   (no cloak)
rCorr    .         Harm     .   (no gloves)
MR       .....                  k - +0 pair of boots
Stlth    +++.......             e - amulet of the gourmand
Regen    0.2/turn               i - +3 ring of protection
MPRegen  0.2/turn               (no ring)

@: brilliant, icy armour, about to teleport, slow
A: walk through water, unfitting armour, talons 1, robust 1, unbreathing,
cold-blooded, AC +11
a: Renounce Religion


You were on level 5 of the Dungeon.
You worshipped Dithmenos.
Dithmenos was noncommittal.
You were not hungry.

You visited 2 branches of the dungeon, and saw 6 of its levels.

You collected 214 gold pieces.

Inventory:

Hand Weapons
 a - a +0 long sword (weapon)
 b - a +1 dagger of electrocution
 c - a +0 dagger of venom
 j - a +0 flail
 u - a +0 falchion
Armour
 k - a +0 pair of boots (worn)
Jewellery
 e - an amulet of the gourmand (around neck)
 i - a +3 ring of protection (left hand)
Scrolls
 f - a scroll of teleportation
 l - 3 scrolls of identify
 m - a scroll of immolation {unknown}
 o - 3 scrolls of remove curse {unknown}
 p - a scroll of amnesia
 r - 2 scrolls of enchant weapon {unknown}
 s - a scroll of magic mapping {unknown}
 t - a scroll of enchant armour {unknown}
 y - a scroll of recharging {unknown}
Books
 d - a book of Frost

   Spells                             Type                      Level
   a - Freeze                         Ice                          1
   b - Throw Frost                    Conjuration/Ice              2
   c - Ozocubu's Armour               Charms/Ice                   3
   d - Throw Icicle                   Conjuration/Ice              4
   e - Summon Ice Beast               Ice/Summoning                4
Comestibles
 g - 2 royal jellies
 h - 6 meat rations
 n - 15 fruits
 q - 3 bread rations


   Skills:
 + Level 3.2 Fighting
 - Level 0.4(2.7) Short Blades
 + Level 4.4(4.5) Long Blades
 * Level 4.1 Dodging
 * Level 4.5 Stealth
 * Level 0.8 Unarmed Combat
 - Level 2.0 Spellcasting
 + Level 1.4 Conjurations
 + Level 4.2 Ice Magic


You had 4 spell levels left.
You knew the following spells:

 Your Spells              Type           Power        Failure   Level  Hunger
a - Throw Frost           Conj/Ice       ####..       1%          2    ##.....
o - Ozocubu's Armour      Chrm/Ice       ###.....     2%          3    ###....
z - Freeze                Ice            ####         1%          1    #......


Dungeon Overview and Level Annotations

Branches:
Dungeon (5/15)             Temple (1/1) D:4

Altars:
Ashenzari
Cheibriados
Dithmenos
Elyvilon
Fedhas
Gozag
Hepliaklqana
Kikubaaqudgha
Makhleb
Nemelex Xobeh
Okawaru
Qazlal
Ru
Sif Muna
Trog
Uskayaw
Vehumet
Xom
Yredelemnul
Zin
The Shining One


Innate Abilities, Weirdness & Mutations

You can walk through water.
Your dull iron-grey scales are very hard. (AC +11)
You cannot fit into any form of body armour.
You can survive without breathing.
You are cold-blooded and may be slowed by cold attacks.
You have sharp toenails.
You are robust. (+10% HP)


Message History

You hit the orc warrior but do no damage.
The orc warrior is severely wounded.
The orc warrior completely misses you.
It was a potion of cancellation.
You feel magically purged.
The orc warrior hits you but does no damage.
Okay, then.
Casting: Freeze
Confirm with . or Enter, or press ? or * to list all spells.
A film of ice covers your body!
It was a potion of mutation.
You feel extremely strange.
You feel stable.
You feel weaker.
Your toenails lengthen and sharpen.
You feel robust.
The orc warrior hits you but does no damage.
It was a potion of brilliance.
You feel clever all of a sudden. The orc warrior hits you with a mace.
* * * LOW HITPOINT WARNING * * *
As you read the scroll of teleportation, it crumbles to dust.
You feel strangely unstable. The orc warrior hits you with a mace!
You die...

#### #.......# ...#
#........ ##.# #.......
##.# #%....# ##.##
#.o...
....######..######
........<..o.....#
....######..####.# ##.##
#..# #@#
........##..####o#
.......$.....o.o#Z......
....###.#######%.a##.!..
....... ..........
..#### ##...###.# ###
##.## .# ..


You could see an orc warrior, a worker ant, an orc and a bullfrog skeleton.

Vanquished Creatures
  Menkaure (D:4)
  A sky beast (D:5)
  2 ogres (D:4)
  A bullfrog (D:4)
  A scorpion (D:4)
  The ghost of Biabri the Caller, a weakling DESu of Qazlal (D:3)
  2 hounds
  An orc priest (D:3)
  An orc wizard (D:3)
  A centaur skeleton (D:4)
  An iguana (D:4)
  A howler monkey zombie (D:5)
  4 gnolls (D:4)
  8 adders
  An ooze (D:4)
  2 adder zombies (D:2)
  A worm (D:2)
  A dart slug (D:3)
  4 leopard geckos
  22 orcs
  2 bat zombies (D:2)
  5 giant cockroaches
  4 goblins
  10 hobgoblins
  4 jackals (D:3)
  2 quokkas
  2 ball pythons
  A ball python skeleton (D:2)
  8 bats
  4 frilled lizards
  6 kobolds
  A quokka skeleton (D:2)
  7 rats
  2 plants (D:3)
115 creatures vanquished.

Notes
Turn   | Place    | Note
-------+----------+-------------------------------------------
     0 | D:1      | Gremour the Draconian Ice Elementalist began the quest for the Orb.
     0 | D:1      | Reached XP level 1. HP: 14/14 MP: 3/3
   237 | D:1      | Reached XP level 2. HP: 13/20 MP: 0/5
   356 | D:1      | Learned a level 2 spell: Throw Frost
   981 | D:2      | Reached XP level 3. HP: 26/26 MP: 4/6
  1381 | D:2      | Reached XP level 4. HP: 21/34 MP: 5/7
  1554 | D:2      | Found a shattered altar of Ashenzari.
  1565 | D:2      | Found a stormy altar of Qazlal.
  1572 | D:2      | Found an ancient bone altar of Kikubaaqudgha.
  1798 | D:3      | Noticed Biabri's ghost (weakling DESu)
  1815 | D:3      | Killed Biabri's ghost
  1815 | D:3      | Reached skill level 1 in Fighting
  1865 | D:3      | Reached skill level 1 in Long Blades
  2190 | D:3      | Reached XP level 5. HP: 40/40 MP: 5/8
  2380 | D:3      | Learned a level 1 spell: Freeze
  2384 | D:3      | Learned a level 3 spell: Ozocubu's Armour
  3306 | D:4      | Reached XP level 6. HP: 19/48 MP: 0/9
  3512 | D:4      | Found a staircase to the Ecumenical Temple.
  3902 | D:4      | HP: 1/48 [ogre/giant club (21)]
  4391 | D:4      | Noticed Menkaure
  4410 | D:4      | Killed Menkaure
  4410 | D:4      | Your scales start taking on a dull iron-grey colour.
  4410 | D:4      | Reached XP level 7. HP: 37/56 MP: 3/10
  4410 | D:4      | Gained mutation: You can survive without breathing. [Grey Draconian growth]
  4696 | Temple   | Entered the Ecumenical Temple
  4931 | Temple   | Became a worshipper of Dithmenos the Shadowed
  5591 | D:5      | Entered Level 5 of the Dungeon
  5644 | D:5      | Gained mutation: You are occasionally teleported next to monsters. [mutagenic meat]
  5645 | D:5      | Gained mutation: Your muscles are strong. (Str +2) [mutagenic meat]
  5646 | D:5      | Gained mutation: You are robust. (+10% HP) [mutagenic meat]
  5647 | D:5      | Lost mutation: You are robust. (+10% HP) [mutagenic meat]
  5847 | D:5      | Lost mutation: You are occasionally teleported next to monsters. [potion of mutation]
  5847 | D:5      | Lost mutation: Your muscles are strong. (Str +2) [potion of mutation]
  5847 | D:5      | Gained mutation: You have sharp toenails. [potion of mutation]
  5847 | D:5      | Gained mutation: You are robust. (+10% HP) [potion of mutation]
  5848 | D:5      | HP: 1/62 [orc warrior/mace (4)]
  5849 | D:5      | Mangled by an orc warrior

Skill      XL: |  1  2  3  4  5  6  7 |
---------------+----------------------+-----
Stealth        | 2 3 4 |  4.5
Dodging        | 2 3 4 |  4.1
Fighting       | 1 2 3 |  3.2
Long Blades    | 1 2 3 4 |  4.4
Ice Magic      | 4 |  4.2
Short Blades   | |  0.4
Unarmed Combat | |  0.8
Spellcasting   | |  2.0
Conjurations   | |  1.4

Action                   |  1- 3 |  4- 6 |  7- 9 || total
-------------------------+-------+-------+-------++-------
Melee: Short sword       |    92 |     9 |       ||   101
       Tailslap          |    10 |    33 |    12 ||    55
       Unarmed           |     1 |       |       ||     1
       Long sword        |       |   200 |    70 ||   270
       Dagger            |       |    20 |       ||    20
       Punch             |       |       |     1 ||     1
 Cast: Freeze            |    35 |    60 |    20 ||   115
       Throw Frost       |     1 |    10 |     4 ||    15
       Ozocubu's Armour  |       |     2 |     3 ||     5
  Use: Potion            |       |     5 |     3 ||     8
       Scroll            |       |     5 |     1 ||     6
 Stab: Sleeping          |     5 |     7 |     3 ||    15
       Distracted        |       |       |     2 ||     2
  Eat: Chunk             |     2 |    28 |     6 ||    36
Armor: Skin              |    42 |    60 |    39 ||   141
Dodge: Dodged            |    95 |   167 |    60 ||   322
       Rpst.: Long sword |       |    52 |    26 ||    78
